[Event "Lviv Tradition January 2019"]
[Site "Lviv"]
[Date "2019.01.27"]
[Round "1"]
[White "Siniauski, Artsiom"]
[Black "Shkuran, Danylo"]
[Result "1-0"]
[ECO "B40"]
[WhiteElo "2182"]
[BlackElo "2359"]
[Annotator "NA"]
[PlyCount "103"]
[EventDate "2019.01.27"]
[EventType "schev"]
[EventCountry "UKR"]
[SourceTitle "playchess.com"]
[Source "ChessBase"]
[SourceQuality "1"]
[TimeControl "5400+30"]

1. e4 c5 2. Nf3 e6 3. c4 Nc6 4. Nc3 e5 5. Be2 g6 6. O-O Bg7 7. a3 Nge7 8. Rb1 a5 9. Nd5 O-O 10. d3 d6 11. Bg5 f6 12. Bd2 Nxd5 13. cxd5 Nb8 14. b4 axb4 15. axb4 Na6 16. bxc5 Nxc5 17. Bb4 b6 18. Nd2 Ba6 19. Bxc5 bxc5 20. Qb3 Qa5 21. Nc4 Bxc4 22. dxc4 Qa2 23. Bd3 Qxb3 24. Rxb3 Ra6 25. Rfb1 Rfa8 26. g3 Ra1 27. Rxa1 Rxa1+ 28. Kg2 Re1 29. Rb7 f5 30. Kf3 fxe4+ 31. Bxe4 Rd1 32. Rd7 Bf8 33. h4 Rd4 34. h5 gxh5 35. Bxh7+ Kh8 36. Bf5 h4 37. g4 Rxc4 38. Kg2 Rf4 39. Kh3 Rxf2 40. Kxh4 Rh2+ 41. Kg5 e4 42. Bxe4 Re2 43. Bf5 Re7 44. Rd8 Kg7 45. Rxd6 Ra7 46. Rg6+ Kf7 47. d6 Ra6 48. Be6+ Ke8 49. d7+ Ke7 50. Rf6 Bg7 51. Rf7+ Kd8 52. Kf5 1-0

[Event "Lviv Tradition January 2019"]
[Site "Lviv"]
[Date "2019.01.28"]
[Round "2"]
[White "Terletsky, Oleg"]
[Black "Gavrish, Leonid"]
[Result "1-0"]
[ECO "B00"]
[WhiteElo "2197"]
[BlackElo "2149"]
[Annotator "NA RC"]
[PlyCount "50"]
[EventDate "2019.01.27"]
[EventType "schev"]
[EventCountry "UKR"]
[SourceTitle "playchess.com"]
[Source "ChessBase"]
[SourceQuality "1"]
[TimeControl "5400+30"]

1. e4 d6 2. d4 Nf6 3. f3 Nbd7 4. c4 c5 5. Ne2 g6 6. Nbc3 Bg7 {[%emt 0:03:29] LiveBook: 7 Games} 7. Be3 O-O 8. Qd2 a6 9. O-O-O Qa5 10. Kb1 {[%emt 0:00:07] E81: King's Indian: Sämisch: 6th move deviations (including 6 Be3 c6)} Re8 11. Bh6 $146 ({Predecessor:} 11. Nc1 cxd4 12. Bxd4 Ne5 13. Nb3 Qc7 14. Nd5 Nxd5 15. cxd5 f5 16. Rc1 Qd8 17. Qe3 fxe4 18. fxe4 {0-1 (75) Ballo,E (2200)-Degraeve,J (2580) Bastia 1998}) 11... Bh8 12. h4 b5 13. dxc5 Nxc5 14. h5 bxc4 15. hxg6 hxg6 16. Nd4 Na4 17. Bxc4 Nxc3+ 18. bxc3 d5 19. Bb3 dxe4 20. Bf8 e3 ({Don't go for} 20... Rxf8 $2 21. Nc6 $18 {[%mdl 64] Decoy}) 21. Qxe3 Bf5+ 22. Kb2 Rxf8 23. Nc6 $18 {[%emt 0:03:37] Double Attack} Bc8 24. Kb1 Re8 25. Nd4 Rf8 1-0

[Event "Lviv Tradition January 2019"]
[Site "Lviv"]
[Date "2019.01.29"]
[Round "4"]
[White "Shkuran, Danylo"]
[Black "Kagramanianz, Vartan"]
[Result "1/2-1/2"]
[ECO "B30"]
[WhiteElo "2359"]
[BlackElo "2246"]
[Annotator "NA"]
[PlyCount "63"]
[EventDate "2019.01.27"]
[EventType "schev"]
[EventCountry "UKR"]
[SourceTitle "playchess.com"]
[Source "ChessBase"]
[SourceQuality "1"]
[TimeControl "5400+30"]

1. e4 c5 2. Nf3 Nc6 3. Bb5 e6 4. O-O Nge7 5. Re1 a6 6. Bf1 d5 7. exd5 Nxd5 8. d4 Nf6 9. Be3 cxd4 {[%emt 0:00:43] B30: Sicilian: 2...Nc6 3 Bb5, lines without ...g6} (9... Nd5 10. Bg5 f6 11. Bc1 cxd4 12. Nxd4 Nxd4 13. Qxd4 Bd6 14. g3 O-O 15. Bg2 Qc7 16. c3 Bc5 17. Qd3 {½-½ (70) Vidit,S (2711)-Lenic,L (2656) chess.com INT 2018}) 10. Nxd4 Bd7 11. c4 Bb4 12. Nc3 O-O 13. Qb3 Qa5 14. Nf3 Rfd8 15. a3 Bc5 16. Bxc5 Qxc5 17. Rad1 b6 $146 18. h3 Ne7 19. Ne5 Be8 20. Na4 Bxa4 21. Rxd8+ Rxd8 22. Qxa4 a5 23. b4 Qc7 24. Rd1 Rxd1 25. Qxd1 Ng6 26. Nf3 axb4 27. axb4 Nd7 28. Qd2 h6 29. Qc3 Ne7 30. Nd2 Nc6 31. Nb3 Qd6 32. c5 $11 1/2-1/2

[Event "Lviv Tradition January 2019"]
[Site "Lviv"]
[Date "2019.01.29"]
[Round "4"]
[White "Sevostianov, Pavel"]
[Black "Prydun, Andriy"]
[Result "0-1"]
[ECO "C00"]
[WhiteElo "2258"]
[BlackElo "2218"]
[Annotator "RC"]
[PlyCount "70"]
[EventDate "2019.01.27"]
[EventType "schev"]
[EventCountry "UKR"]
[SourceTitle "playchess.com"]
[Source "ChessBase"]
[SourceQuality "1"]
[TimeControl "5400+30"]

1. e4 e6 2. Nc3 d5 3. g3 Nf6 4. Bg2 c5 5. exd5 exd5 6. d3 Be7 7. Nge2 d4 8. Ne4 Nxe4 9. Bxe4 Nd7 10. O-O Nf6 11. Bg2 O-O 12. Bg5 Bg4 13. h3 Bd7 14. Nf4 Nd5 15. Bxe7 Nxe7 16. Qh5 Qb6 17. Rae1 Ng6 18. Nd5 Qd6 19. f4 f5 20. c4 dxc3 21. bxc3 Rae8 22. c4 b6 23. h4 Ne7 24. Re3 Nxd5 25. Bxd5+ Qxd5 26. cxd5 Rxe3 27. Kf2 Rfe8 28. Rd1 g6 29. Qg5 Re2+ 30. Kf1 Kg7 31. h5 Rh2 32. g4 Rh1+ 33. Kf2 Rxd1 34. gxf5 Bxf5 35. h6+ Kf7 {Kg1} 0-1

[Event "Lviv Tradition January 2019"]
[Site "Lviv"]
[Date "2019.01.29"]
[Round "4"]
[White "Terletsky, Oleg"]
[Black "Kyrychenko, Maryan"]
[Result "1-0"]
[ECO "B43"]
[WhiteElo "2197"]
[BlackElo "2207"]
[Annotator "NA RC"]
[PlyCount "99"]
[EventDate "2019.01.27"]
[EventType "schev"]
[EventCountry "UKR"]
[SourceTitle "playchess.com"]
[Source "ChessBase"]
[SourceQuality "1"]
[TimeControl "5400+30"]

1. e4 c5 2. Nf3 e6 3. d4 cxd4 4. Nxd4 a6 5. Nc3 Qc7 6. Bd3 Nc6 7. Be3 Nf6 8. O-O Bd6 9. Nxc6 dxc6 10. f4 e5 {[%emt 0:00:07] B48: Sicilian: Taimanov: 5 Nc3 Qc7 6 Be3 a6 without Be2} 11. f5 b5 (11... Qe7 12. Qf3 b5 13. a4 Bb7 14. Kh1 Rd8 15. Qg3 Kf8 16. Rad1 h6 17. Qh4 Kg8 18. Rf3 Bc5 19. Bd2 Qc7 20. Qe1 Rd7 21. Qe2 {½-½ (21) Fressinet,L (2626)-Ye,J (2641) Paris 2006}) 12. a4 b4 13. Nb1 c5 14. Nd2 Bb7 15. Qf3 h5 16. Bg5 $146 ({Predecessor:} 16. Nc4 Ng4 17. Bd2 Bc6 18. b3 {1-0 (37) Ahmad,A (2343)-Van der Nat,N (2160) Istanbul 2000}) 16... Be7 17. Nc4 h4 18. Ne3 Rd8 19. Bxf6 Bxf6 20. Bc4 Bg5 21. Nd5 Bxd5 22. Bxd5 Ke7 23. Qb3 Kf6 (23... Kf8 $11) 24. a5 Rd6 25. Qc4 Rb8 (25... h3 $142) 26. Rad1 Rbd8 27. Rd3 Qxa5 28. Bxf7 Qb5 $1 29. Qb3 Qb6 30. Kh1 Rxd3 31. cxd3 Bf4 (31... Rf8 $16) 32. Bc4 (32. Bh5 $18 Rf8 33. Ra1) 32... a5 33. Qd1 Ke7 34. Qh5 Qf6 35. Ra1 Ra8 36. Bd5 Ra6 37. b3 (37. Qh8 $18 Qf8 38. Qxh4+ Kd7 39. Qf2) 37... Bh6 38. Qe2 Ra7 39. Qc2 Be3 40. Re1 Bd4 41. Rf1 Qh6 42. f6+ gxf6 43. Qe2 Qg6 44. Qf3 Kd6 {[%emt 0:01:16] [#]} (44... Kd8 $11 {keeps the balance.}) 45. Qh3 $1 Rg7 46. Qe6+ Kc7 47. Qc6+ Kd8 48. Qd6+ (48. Qxf6+ Kc7 $11 (48... Qxf6 49. Rxf6 Rg4 $11)) 48... Ke8 (48... Kc8 $14 49. Qa6+ Kd8 (49... Kd7 50. Qc6+) 50. Qxa5+ Kd7 $16) 49. Bc6+ Kf7 50. Qd5+ 1-0

[Event "Lviv Tradition January 2019"]
[Site "Lviv"]
[Date "2019.01.29"]
[Round "4"]
[White "Siniauski, Artsiom"]
[Black "Taranenko, Evgueniy"]
[Result "1/2-1/2"]
[ECO "B00"]
[WhiteElo "2182"]
[BlackElo "2218"]
[Annotator "NA RC"]
[PlyCount "94"]
[EventDate "2019.01.27"]
[EventType "schev"]
[EventCountry "UKR"]
[SourceTitle "playchess.com"]
[Source "ChessBase"]
[SourceQuality "1"]
[TimeControl "5400+30"]

1. e4 Nc6 2. Nf3 d5 3. exd5 Qxd5 4. Nc3 Qa5 5. d4 Bg4 6. Be2 O-O-O 7. Be3 {[%emt 0:01:06] B01: Scandinavian Defence} e5 (7... Nf6 8. a3 Qf5 9. O-O Bxf3 10. Bxf3 Nxd4 11. Bxd4 e5 12. Ne2 exd4 13. Nxd4 Qd7 14. c3 Bc5 {1-0 (61) Malakhov,V (2707)-Fressinet,L (2708) Tromsoe 2013}) 8. Nxe5 Bxe2 9. Qxe2 Nxe5 10. dxe5 Qxe5 11. Qb5 Qxb5 12. Nxb5 a6 13. Nd4 Nf6 14. O-O-O $146 ({Predecessor:} 14. c3) 14... Ng4 15. Bg5 f6 16. Bh4 Bc5 17. Ne6 Rxd1+ 18. Rxd1 Bxf2 19. Bxf2 Nxf2 20. Rf1 Ne4 21. Rf4 Nd6 22. Nxg7 Rg8 23. Nf5 Nxf5 24. Rxf5 Rxg2 25. h4 Rg6 26. h5 (26. Kd2 $15) 26... Rg5 27. Rxf6 Rxh5 28. Rf7 b6 29. b3 Kb7 30. Kb2 Rh6 (30... Rh3 $19 {is more deadly.} 31. Kc1 h5) 31. a4 ({Better is} 31. b4) 31... a5 32. Rg7 Kc6 33. Rf7 Kd6 34. Kc3 Rh3+ 35. Kb2 Rh5 36. Rg7 Kc6 37. Rf7 Kb7 38. Rg7 Rh6 39. Rf7 (39. Kc3 $17 {might work better.}) 39... Kb8 (39... Rh4 $17 40. Kc3 Kc6) 40. Rg7 $2 (40. Rf8+ $1 $11 {and White is okay.} Kb7 41. Kc3) 40... c5 $2 (40... Rh3 $19 41. Rg2 h5) 41. Kc3 Kc8 42. Kc4 Kd8 43. Kb5 Ke8 44. Rb7 Kf8 45. Rb8+ ({Not} 45. Rxb6 $2 Rxb6+ 46. Kxb6 h5 $19) 45... Kg7 46. Rb7+ ({Don't go for} 46. Rxb6 $2 Rxb6+ 47. Kxb6 h5 $19) 46... Kg8 47. Rb8+ $11 ({Not} 47. Rxb6 $2 Rxb6+ 48. Kxb6 h5 $19) 47... Kg7 1/2-1/2

[Event "Lviv Tradition January 2019"]
[Site "Lviv"]
[Date "2019.01.29"]
[Round "5"]
[White "Kagramanianz, Vartan"]
[Black "Boricsev, Oleg"]
[Result "1/2-1/2"]
[ECO "A14"]
[WhiteElo "2246"]
[BlackElo "2297"]
[Annotator "NA"]
[PlyCount "61"]
[EventDate "2019.01.27"]
[EventType "schev"]
[EventCountry "UKR"]
[SourceTitle "playchess.com"]
[Source "ChessBase"]
[SourceQuality "1"]
[TimeControl "5400+30"]

1. c4 e6 2. Nf3 d5 3. g3 Nf6 4. Bg2 Be7 5. O-O O-O 6. d4 dxc4 7. Qc2 a6 8. Qxc4 b5 9. Qc2 Bb7 10. Bd2 Bd6 11. Re1 Be4 12. Qc1 Bb7 13. Qc2 Be4 14. Qc1 Bb7 15. Bg5 Nbd7 16. Nbd2 c5 17. Bxf6 gxf6 18. Nb3 c4 19. Nbd2 Rc8 20. a3 Qb6 21. e4 Rfd8 22. e5 Bf8 23. Ne4 fxe5 24. dxe5 h6 25. Nd6 Rc5 26. Qf4 Bxd6 27. exd6 Rf5 28. Qxh6 Bxf3 29. Bxf3 Rxf3 30. Qg5+ Kf8 31. Qe7+ 1/2-1/2

[Event "Lviv Tradition January 2019"]
[Site "Lviv"]
[Date "2019.01.29"]
[Round "5"]
[White "Prydun, Andriy"]
[Black "Terletsky, Oleg"]
[Result "1-0"]
[ECO "C47"]
[WhiteElo "2218"]
[BlackElo "2197"]
[Annotator "NA"]
[PlyCount "78"]
[EventDate "2019.01.27"]
[EventType "schev"]
[EventCountry "UKR"]
[SourceTitle "playchess.com"]
[Source "ChessBase"]
[SourceQuality "1"]
[TimeControl "5400+30"]

1. e4 e5 2. Nf3 Nc6 3. Nc3 Nf6 4. a3 d5 5. exd5 Nxd5 6. Bb5 Nxc3 7. bxc3 Bd6 8. d4 exd4 9. Nxd4 Qe7+ 10. Qe2 Qxe2+ 11. Kxe2 Bd7 12. Nxc6 a6 13. Ba4 b5 14. Bb3 Bxc6 15. Be3 O-O 16. a4 Be5 17. Ra3 Bxg2 18. Rg1 Bc6 19. axb5 Bxb5+ 20. c4 Bc6 21. Ra5 Bxh2 22. Rg4 Bd6 23. Rag5 g6 24. c5 Bb5+ 25. c4 Be7 26. cxb5 Bxg5 27. Rxg5 axb5 28. c6 Rfb8 29. Bf4 Ra3 30. Bd5 Rc8 31. Re5 Rd8 32. Bg5 Rd6 33. Be7 Rxd5 34. Rxd5 Ra2+ 35. Rd2 Rxd2+ 36. Kxd2 f5 37. Bd6 Kf7 38. Bxc7 Ke6 39. Bh2 Kd5 1-0

[Event "Lviv Tradition January 2019"]
[Site "Lviv"]
[Date "2019.01.29"]
[Round "5"]
[White "Taranenko, Evgueniy"]
[Black "Sevostianov, Pavel"]
[Result "0-1"]
[ECO "A00"]
[WhiteElo "2218"]
[BlackElo "2258"]
[Annotator "NA"]
[PlyCount "78"]
[EventDate "2019.01.27"]
[EventType "schev"]
[EventCountry "UKR"]
[SourceTitle "playchess.com"]
[Source "ChessBase"]
[SourceQuality "1"]
[TimeControl "5400+30"]

1. Nc3 Nc6 2. a3 e5 3. e3 g6 4. d4 d6 5. Nf3 Bg7 6. Bb5 Bd7 7. O-O a6 8. Ba4 Nge7 9. d5 Nb8 10. e4 b5 11. Bb3 O-O 12. Be3 h6 13. Ne1 f5 14. exf5 gxf5 15. f4 Ng6 16. Nf3 e4 17. Nd4 Kh7 18. Nce2 a5 19. c4 a4 20. Ba2 bxc4 21. Bxc4 Na6 22. Ng3 Nc5 23. Qe2 Rb8 24. Rab1 Qe8 25. Qh5 Qf7 26. Qe2 Rg8 27. Nc6 Bxc6 28. dxc6 d5 29. Bxc5 dxc4 30. Nh5 Qd5 31. Bb4 Qd3 32. Qe1 Rbd8 33. Rd1 Qc2 34. Bc3 Nh4 35. Rd2 Rxd2 36. Bxd2 Bd4+ 37. Kh1 Nxg2 38. Qc1 Qd3 39. Rd1 Ne1 0-1

[Event "Lviv Tradition January 2019"]
[Site "Lviv"]
[Date "2019.01.29"]
[Round "5"]
[White "Kyrychenko, Maryan"]
[Black "Shkuran, Danylo"]
[Result "1/2-1/2"]
[ECO "B43"]
[WhiteElo "2207"]
[BlackElo "2359"]
[Annotator "NA"]
[PlyCount "60"]
[EventDate "2019.01.27"]
[EventType "schev"]
[EventCountry "UKR"]
[SourceTitle "playchess.com"]
[Source "ChessBase"]
[SourceQuality "1"]
[TimeControl "5400+30"]

1. e4 c5 2. Nf3 e6 3. d4 cxd4 4. Nxd4 a6 5. Nc3 Qc7 6. Qd3 Nc6 7. Nxc6 bxc6 8. Qg3 Qxg3 9. hxg3 d5 10. Na4 Bb7 11. Bf4 Rd8 12. Nb6 Bc5 13. Bc7 Bxb6 14. Bxb6 Rc8 15. Bd3 Nf6 16. exd5 cxd5 17. Bd4 Ke7 18. b4 h5 19. a4 g6 20. b5 Ra8 21. Kd2 Rhc8 22. f3 Nd7 23. Rhe1 Kd6 24. f4 axb5 25. axb5 Nc5 26. Be5+ Kd7 27. Bd4 Nxd3 28. Kxd3 Rxa1 29. Rxa1 Ra8 30. Rxa8 Bxa8 {[%emt 0:00:03] Ke4} 1/2-1/2

[Event "Lviv Tradition January 2019"]
[Site "Lviv"]
[Date "2019.01.29"]
[Round "5"]
[White "Gavrish, Leonid"]
[Black "Siniauski, Artsiom"]
[Result "0-1"]
[ECO "E48"]
[WhiteElo "2149"]
[BlackElo "2182"]
[Annotator "NA"]
[PlyCount "104"]
[EventDate "2019.01.27"]
[EventType "schev"]
[EventCountry "UKR"]
[SourceTitle "playchess.com"]
[Source "ChessBase"]
[SourceQuality "1"]
[TimeControl "5400+30"]

1. d4 Nf6 2. c4 e6 3. Nc3 Bb4 4. e3 O-O 5. Bd3 d5 6. cxd5 exd5 7. Nge2 Re8 8. a3 Bd6 9. Nb5 Bf8 10. O-O b6 11. Qc2 c6 12. Nbc3 c5 13. dxc5 bxc5 14. Rd1 Bb7 15. Bb5 Re6 16. Nf4 Rd6 17. Bf1 Nbd7 18. b4 a6 19. Bb2 Rc8 20. Qb3 c4 21. Qc2 a5 22. Na4 Ne4 23. f3 Ng5 24. Bd4 Ne6 25. Nxe6 fxe6 26. f4 axb4 27. axb4 Ra6 28. Qc3 Rca8 29. Nc5 Nxc5 30. bxc5 Qc7 31. Rxa6 Rxa6 32. Rb1 Rc6 33. Be5 Qd7 34. Qb4 Bc8 35. Bd4 Qc7 36. g3 Bxc5 37. Qc3 Bxd4 38. exd4 Rb6 39. Qa5 Rb7 40. Qxc7 Rxc7 41. Kf2 Kf7 42. Ke3 Ra7 43. f5 exf5 44. Kf4 Kf6 45. Rb6+ Be6 46. h4 g6 47. Bg2 Ra5 48. Rc6 h6 49. Bf3 Ra3 50. g4 g5+ 51. hxg5+ hxg5+ 52. Kg3 fxg4 0-1

[Event "Lviv Tradition January 2019"]
[Site "Lviv"]
[Date "2019.01.30"]
[Round "6"]
[White "Sevostianov, Pavel"]
[Black "Terletsky, Oleg"]
[Result "1/2-1/2"]
[ECO "A16"]
[WhiteElo "2258"]
[BlackElo "2197"]
[Annotator "NA RC"]
[PlyCount "120"]
[EventDate "2019.01.27"]
[EventType "schev"]
[EventCountry "UKR"]
[SourceTitle "playchess.com"]
[Source "ChessBase"]
[SourceQuality "1"]
[TimeControl "5400+30"]

1. c4 Nf6 2. Nc3 g6 3. g3 Bg7 4. Bg2 d6 5. e3 e5 6. Nge2 Nc6 7. O-O {[%emt 0:00:23] LiveBook: 48 Games} Be6 8. d4 Bd7 (8... Bxc4 $11 {remains equal.} 9. d5 Ne7) 9. h3 O-O 10. b3 Nh5 {[%emt 0:02:59] E61: King's Indian: Early deviations for White, including Smyslov System} (10... Re8 11. d5 Ne7 12. Bb2 c5 13. dxc6 Bxc6 14. e4 a6 15. a4 a5 16. Ba3 Nc8 17. Qc2 h5 18. Rad1 {1-0 (33) Magalashvili,D (2447)-Babaev,R (2449) Baku 2005}) 11. d5 Ne7 12. g4 Nf6 13. f4 $146 ({Predecessor:} 13. Ng3 Ne8 14. Bb2 f5 15. gxf5 Nxf5 16. Nce4 {0-1 (30) Walter,F-Metz,H Eppingen 1988}) 13... exf4 14. exf4 h5 15. g5 Nh7 16. Be3 Qc8 17. Kh2 Nf5 18. Bf2 f6 19. h4 fxg5 20. hxg5 a6 21. Rc1 b5 22. Ne4 bxc4 23. bxc4 Qd8 24. Rb1 Rb8 25. Qd2 Re8 26. Rb3 Rxb3 27. axb3 Re7 28. Nd4 Qe8 29. Nxf5 Bxf5 {[%emt 0:02:03] [#]} 30. Ng3 $1 Bg4 31. Re1 Rxe1 32. Bxe1 a5 33. Bf2 a4 34. bxa4 Qxa4 35. Bf1 Qa1 36. Bd3 Nf8 37. Nf1 Qd1 38. Qxd1 Bxd1 39. Ne3 Bb3 40. Ng2 Bc3 41. Nh4 Kf7 42. Kg3 Bd2 43. Kf3 Ba4 44. Ke4 Bd7 45. Kf3 c6 46. Bg3 cxd5 47. cxd5 Bc1 48. Be1 Ba3 49. Bc3 Bg4+ 50. Kg3 Bc5 51. Bf6 Bb4 52. Bd4 Be1+ 53. Bf2 Bd2 54. Be4 Bc3 55. Kg2 Bd2 56. Bg3 Be3 57. Kf1 Kg7 58. Kg2 Kf7 59. Bh2 Kg7 60. Bg3 $11 Kf7 1/2-1/2

[Event "Lviv Tradition January 2019"]
[Site "Lviv"]
[Date "2019.01.30"]
[Round "6"]
[White "Taranenko, Evgueniy"]
[Black "Gavrish, Leonid"]
[Result "1-0"]
[ECO "A00"]
[WhiteElo "2218"]
[BlackElo "2149"]
[Annotator "ChessBase"]
[PlyCount "101"]
[EventDate "2019.01.27"]
[EventType "schev"]
[EventCountry "UKR"]
[SourceTitle "playchess.com"]
[Source "ChessBase"]
[SourceQuality "1"]
[TimeControl "5400+30"]

1. Nc3 g6 2. e4 Bg7 3. f4 d6 4. Bc4 Nf6 5. d3 O-O 6. Nf3 c6 7. a3 d5 8. Ba2 dxe4 9. dxe4 Qxd1+ 10. Kxd1 Ng4 11. Ke2 Bxc3 12. bxc3 b6 13. Bc4 Ba6 14. Bd3 c5 15. e5 f5 16. h3 Nh6 17. Ke3 Nf7 18. g4 Nd8 19. gxf5 gxf5 20. Rg1+ Kh8 21. Rg5 e6 22. Bd2 Nf7 23. Rh5 Rg8 24. h4 Rg6 25. Ng5 Nh6 26. Rg1 Bxd3 27. Rxh6 Bc4 28. Nf7+ Kg7 29. Rhxg6+ hxg6 30. Nd6 Bd5 31. Ne8+ Kh6 32. Nc7 Nd7 33. Nxa8 Bxa8 34. c4 Be4 35. Rc1 Nb8 36. Bc3 Nd7 37. Rd1 Nf8 38. Rd8 Kg7 39. Rc8 a6 40. Rc7+ Kg8 41. Be1 Bxc2 42. Rc6 Bb3 43. Kd3 b5 44. cxb5 Ba4 45. Rxc5 axb5 46. Rc7 b4 47. Bxb4 Nd7 48. Ra7 Nb6 49. Kd4 Bb3 50. Be7 Nd5 51. Bg5 1-0

[Event "Lviv Tradition January 2019"]
[Site "Lviv"]
[Date "2019.01.30"]
[Round "7"]
[White "Kagramanianz, Vartan"]
[Black "Taranenko, Evgueniy"]
[Result "1/2-1/2"]
[ECO "A14"]
[WhiteElo "2246"]
[BlackElo "2218"]
[Annotator "NA"]
[PlyCount "65"]
[EventDate "2019.01.27"]
[EventType "schev"]
[EventCountry "UKR"]
[SourceTitle "playchess.com"]
[Source "ChessBase"]
[SourceQuality "1"]
[TimeControl "5400+30"]

1. c4 e6 2. g3 d5 3. Bg2 Nf6 4. Nf3 Be7 5. O-O O-O 6. d4 c5 7. dxc5 Bxc5 8. Nbd2 Nc6 9. Nb3 Bb6 10. cxd5 exd5 11. Nbd4 Re8 12. b3 Bg4 13. Bb2 Qd7 14. Nxc6 bxc6 15. Bxf6 gxf6 16. e3 Rad8 17. b4 Qe7 18. Qb3 Rb8 19. Qc3 Rec8 20. Rac1 c5 21. bxc5 Bxc5 22. Qd2 Bb4 23. Qd3 Rxc1 24. Rxc1 Qe4 25. Qxe4 dxe4 26. Nd4 Bd2 27. Ra1 Bc3 28. Rc1 Bd2 29. Ra1 Bc3 30. Rc1 Bd2 31. Rf1 Rb2 32. Bxe4 Rxa2 33. Bg2 1/2-1/2

[Event "Lviv Tradition January 2019"]
[Site "Lviv"]
[Date "2019.01.30"]
[Round "7"]
[White "Prydun, Andriy"]
[Black "Boricsev, Oleg"]
[Result "1-0"]
[ECO "D30"]
[WhiteElo "2218"]
[BlackElo "2297"]
[Annotator "NA"]
[PlyCount "107"]
[EventDate "2019.01.27"]
[EventType "schev"]
[EventCountry "UKR"]
[SourceTitle "playchess.com"]
[Source "ChessBase"]
[SourceQuality "1"]
[TimeControl "5400+30"]

1. d4 d5 $146 (1... e6 2. c4 Bb4+ 3. Bd2 Bxd2+ 4. Qxd2 Nf6 5. Nc3 d5 6. e3 O-O {0-1 (32) Swapnil,S (2487)-Aravindh,C (2581) Abu Dhabi 2018}) ({Predecessor:} 1... Nf6 2. c4 e6 3. Nf3 Bb4+ 4. Bd2 Bxd2+ 5. Qxd2 O-O 6. Nc3 d5 {0-1 (78) Lye,L (1714)-Lu,J Taipa 2014}) 2. c4 e6 3. Nf3 Nf6 4. e3 Bb4+ 5. Bd2 Bxd2+ 6. Qxd2 O-O 7. Nc3 b6 8. Bd3 {[%emt 0:03:03] E11: Bogo-Indian} (8. cxd5 exd5 9. Bd3 c5 10. b3 Bb7 11. O-O Nbd7 12. Rfd1 Qe7 13. Rac1 g6 14. Qe2 a6 15. h3 Rfe8 16. Qf1 Rec8 {0-1 (32) Swapnil,S (2487)-Aravindh,C (2581) Abu Dhabi 2018}) 8... dxc4 9. Bxc4 Bb7 10. Qe2 Ne4 ({Predecessor:} 10... Qe7 11. O-O Rd8 12. Rfd1 Nc6 13. d5 exd5 14. Nxd5 Nxd5 15. Bxd5 Kh8 {0-1 (78) Lye,L (1714)-Lu,J Taipa 2014}) 11. O-O Nxc3 12. bxc3 Nd7 13. e4 Qe7 14. Rfe1 e5 15. Rad1 Rad8 16. Ba6 Ba8 17. Bb5 c6 18. Ba4 Rfe8 19. h3 h6 20. Qb2 Bb7 21. Qc1 b5 22. Bc2 c5 23. Qb2 a6 24. a4 exd4 25. cxd4 b4 26. d5 Nb6 27. a5 Nc4 28. Qa2 Ne5 29. Nxe5 Qxe5 30. Qc4 Qc7 31. Bb3 Qxa5 32. d6 Rf8 33. e5 Bc8 34. Qe4 Be6 35. Bc2 g6 36. Qf4 b3 37. Bb1 Kh7 38. Re4 c4 39. Qe3 Rh8 40. Rh4 Kg7 41. Qf4 Rd7 42. Qf6+ Kg8 43. Bxg6 Qd8 44. Bxf7+ Rxf7 45. Qxd8+ Kg7 46. Qa5 Rb8 47. d7 b2 48. d8=Q Rxd8 49. Qxd8 c3 50. Qd3 Rd7 51. Qg3+ Kh7 52. Rxd7+ Bxd7 53. Qd3+ Kg8 54. Rb4 {[%emt 0:00:36] Kh7} 1-0

[Event "Lviv Tradition January 2019"]
[Site "Lviv"]
[Date "2019.01.30"]
[Round "7"]
[White "Terletsky, Oleg"]
[Black "Shkuran, Danylo"]
[Result "1/2-1/2"]
[ECO "B13"]
[WhiteElo "2197"]
[BlackElo "2359"]
[Annotator "NA"]
[PlyCount "60"]
[EventDate "2019.01.27"]
[EventType "schev"]
[EventCountry "UKR"]
[SourceTitle "playchess.com"]
[Source "ChessBase"]
[SourceQuality "1"]
[TimeControl "5400+30"]

1. e4 c6 2. d4 d5 3. exd5 cxd5 4. Bd3 Nc6 5. c3 Nf6 6. Bf4 Bg4 7. Qb3 Na5 8. Qa4+ Nc6 9. Qb3 Na5 10. Qa4+ Nc6 11. Qb3 Qd7 12. Nd2 e6 13. h3 Bh5 14. Ngf3 Bxf3 15. Nxf3 a6 16. O-O Be7 17. Ne5 Qc8 18. Rfe1 O-O 19. Qc2 g6 20. Re3 Nxe5 21. Bxe5 Nh5 22. g4 Ng7 23. Rae1 Qd8 24. Bg3 Bh4 25. f4 Re8 26. Qf2 Bxg3 27. Qxg3 b5 28. a3 Qb8 29. Qf2 Ra7 30. Re5 Rae7 1/2-1/2

[Event "Lviv Tradition January 2019"]
[Site "Lviv"]
[Date "2019.01.30"]
[Round "7"]
[White "Gavrish, Leonid"]
[Black "Sevostianov, Pavel"]
[Result "0-1"]
[ECO "A53"]
[WhiteElo "2149"]
[BlackElo "2258"]
[Annotator "NA"]
[PlyCount "134"]
[EventDate "2019.01.27"]
[EventType "schev"]
[EventCountry "UKR"]
[SourceTitle "playchess.com"]
[Source "ChessBase"]
[SourceQuality "1"]
[TimeControl "5400+30"]

1. d4 Nf6 2. c4 d6 3. Nc3 Bf5 4. f3 e5 5. dxe5 dxe5 6. Qxd8+ Kxd8 7. e4 Be6 8. Bg5 Nbd7 9. O-O-O Be7 10. f4 exf4 11. Bxf4 c6 12. h3 Nh5 13. Bh2 Bg5+ 14. Kc2 Bf4 15. Bxf4 Nxf4 16. Nf3 Ke7 17. Nd5+ cxd5 18. cxd5 Rac8+ 19. Kb1 Nc5 20. dxe6 Nfxe6 21. e5 Ne4 22. Bb5 Rc7 23. Rhe1 N4c5 24. Nd4 Nxd4 25. Rxd4 Ne6 26. Rc4 Rd8 27. Rxc7+ Nxc7 28. Bc4 Rd2 29. Rc1 Ne6 30. g3 g6 31. a4 b6 32. Ka2 Rd4 33. Ka3 Nc5 34. b4 Nd3 35. Rc3 Nxe5 36. Bb5 Kd6 37. Rc8 Re4 38. Ra8 Re3+ 39. Kb2 a5 40. bxa5 bxa5 41. Rxa5 Rxg3 42. Ra8 Rxh3 43. a5 Kc5 44. Rb8 Nd3+ 45. Bxd3 Rxd3 46. a6 Rd7 47. Rb7 Rd8 48. a7 Ra8 49. Rxf7 h5 50. Rg7 Kd4 51. Rxg6 Rxa7 52. Rh6 Ra5 53. Kc2 Ke3 54. Re6+ Kf2 55. Kd3 Ra3+ 56. Kd4 h4 57. Rh6 h3 58. Ke4 Kg2 59. Kf4 Rf3+ 60. Kg4 Rg3+ 61. Kf4 Rg8 62. Ra6 h2 63. Ra2+ Kh3 64. Ra3+ Kh4 65. Ra7 Rg4+ 66. Ke3 Kg3 67. Ra1 Rh4 {[%emt 0:00:17] Kd4} 0-1

[Event "Lviv Tradition January 2019"]
[Site "Lviv"]
[Date "2019.01.31"]
[Round "8"]
[White "Boricsev, Oleg"]
[Black "Terletsky, Oleg"]
[Result "0-1"]
[ECO "C44"]
[WhiteElo "2297"]
[BlackElo "2197"]
[Annotator "NA"]
[PlyCount "48"]
[EventDate "2019.01.27"]
[EventType "schev"]
[EventCountry "UKR"]
[SourceTitle "playchess.com"]
[Source "ChessBase"]
[SourceQuality "1"]
[TimeControl "5400+30"]

1. e4 e5 2. Nf3 Nc6 3. g3 Nf6 4. Nc3 d5 5. exd5 Nxd5 6. Bg2 Nxc3 7. bxc3 Bg4 {[%emt 0:00:08] C47: Scotch Four Knights and Four Knights with 4 g3} (7... Bd6 8. O-O O-O 9. d4 h6 10. Re1 Qf6 11. Nd2 Bf5 12. Ne4 Qg6 13. h4 h5 14. Rb1 Rab8 15. Bf3 Bg4 16. Bxg4 Qxg4 17. Qd3 exd4 {½-½ (31) Mamedov,R (2699)-Grandelius,N (2655) Porto Carras 2018}) 8. h3 Be6 9. Qe2 f6 $146 ({Predecessor:} 9... Bd6 10. O-O O-O 11. d3 f6 12. Re1 Qd7 13. Kh2 Rfe8 14. Be3 Na5 15. d4 {½-½ (34) Mitura,K (2017)-Sohr,V (2142) Czechia 2009}) 10. Rb1 Bc5 11. Rxb7 Bb6 12. Ba3 (12. Ng5 $5 Bd5 13. Ne6 $14) 12... Na5 13. Nxe5 fxe5 14. Qxe5 Kf7 15. O-O Nxb7 16. Bxb7 Rb8 17. Bc6 Qf6 18. Qe4 Qf5 19. Qh4 Rhd8 20. d4 Bd5 21. Bxd5+ $19 Rxd5 22. Re1 Kg8 23. Qe7 Qxh3 24. Re4 Rh5 0-1